 Dungeon Sprint DCSS version 0.22.0-13-g43fe8f2 (webtiles) character file.

17480 poirepourri the Minotaur Barricade (level 26, -44/239 HPs)
             Began as a Minotaur Fighter on Aug 16, 2018.
             Was an Initiate of Gozag.
             Killed from afar by an orb of fire (96 damage)
             ... with a bolt of fire
             ... in the Dungeon (Sprint VI: "Thunderdome").
             The game lasted 00:34:21 (4697 turns).

poirepourri the Minotaur Barricade (MiFi)           Turns: 4697, Time: 00:34:21

Health: -44/239    AC: 24    Str: 25    XL:     26   Next: 13%
Magic:  4/22       EV: 35    Int:  5    God:    Gozag
Gold:   353        SH: 21    Dex: 32    Spells: 25/25 levels left

rFire    x . .     SeeInvis .   a - +9 broad axe (flame)
rCold    . . .     Gourm    .   f - +0 shield "Ruff" {rPois rF- Str+4 Stlth+}
rNeg     . . .     Faith    .   s - +3 plate armour of Zefuts {rElec}
rPois    +         Spirit   .   w - +1 hat "Toodgh" {rElec}
rElec    +         Reflect  .   u - +1 cloak of Winter {Dex+4 Stlth+}
rCorr    .         Harm     .   d - +2 pair of gloves "Galux" {+Fly}
MR       +....     NoTele   +   l - +0 pair of boots of Safeilod {+Blink Str+2 Stlth+}
Stlth    +++.......             v - amulet of regeneration
HPRegen  0.89/turn              t - ring of Ofuxzic {+Fly EV+3 Str+2 Stlth+}
MPRegen  0.18/turn              r - ring "Yhemneoz" {rPois Dex+6 Stlth+}

@: lethally poisoned (-44 -> -56), gold aura
A: retaliatory headbutt, horns 2, blurry vision 3, deformed body, frail 1, low
mp 1, mutation resistance 1, screaming 2, weak 2, subdued magic 2
}: 5/15 runes: decaying, barnacled, slimy, silver, mossy
a: Potion Petition, Call Merchant, Bribe Branch, Renounce Religion, Evoke Blink,
Evoke Flight


You were in the Dungeon.
You worshipped Gozag.
Gozag was aware of your devotion.
You were not hungry.

You visited 1 branch You collected 29875 gold pieces.
You spent 12627 gold pieces at shops.
You paid 16895 gold pieces to Gozag.

Inventory:

Hand Weapons
 a - a +9 broad axe of flaming (weapon)
 e - a +3 broad axe
 n - a +8 war axe of flaming
 z - a +0 flail of protection
 A - a +0 short sword
Missiles
 j - 118 arrows
Armour
 d - the +2 pair of gloves "Galux" (worn) {+Fly}
   (You bought it in a shop in the Dungeon)

   It lets you fly.
 f - the +0 shield "Ruff" (worn) {rPois rF- Str+4 Stlth+}
   (You bought it in a shop in the Dungeon)

   It affects your strength (+4).
   It makes you vulnerable to fire.
   It protects you from poison.
   It makes you more stealthy.
 l - the +0 pair of boots of Safeilod (worn) {+Blink Str+2 Stlth+}
   (You bought it in a shop in the Dungeon)

   It affects your strength (+2).
   It lets you blink.
   It makes you more stealthy.
 q - the +0 chain mail of Xaorph {MR- rCorr Int+3}
   (You bought it in a shop in the Dungeon)

   It affects your intelligence (+3).
   It affects your resistance to hostile enchantments.
   It provides partial protection from all sources of acid and corrosion.
 s - the +3 plate armour of Zefuts (worn) {rElec}
   (You bought it in a shop in the Dungeon)

   It insulates you from electricity.
 u - the +1 cloak of Winter (worn) {Dex+4 Stlth+}
   (You bought it in a shop in the Dungeon)

   It affects your dexterity (+4).
   It makes you more stealthy.
 w - the +1 hat "Toodgh" (worn) {rElec}
   (You bought it in a shop in the Dungeon)

   It insulates you from electricity.
Jewellery
 r - the ring "Yhemneoz" (right hand) {rPois Dex+6 Stlth+}
   (You bought it in a shop in the Dungeon)

   [ring of poison resistance]

   It affects your dexterity (+6).
   It protects you from poison.
   It makes you more stealthy.
 t - the ring of Ofuxzic (left hand) {+Fly EV+3 Str+2 Stlth+}
   (You bought it in a shop in the Dungeon)

   [ring of evasion]

   It affects your evasion (+3).
   It affects your strength (+2).
   It lets you fly.
   It makes you more stealthy.
 v - an amulet of regeneration (around neck)
Wands
 m - a wand of iceblast (8)
 p - a wand of acid (18)
Scrolls
 k - 3 scrolls of blinking
 o - 3 scrolls of fog
 x - 3 scrolls of enchant weapon
 y - 13 scrolls of remove curse
Potions
 b - 7 potions of heal wounds
 g - 10 potions of curing
 h - a potion of haste
 i - 2 potions of magic
Miscellaneous
 B - the horn of Geryon
Comestibles
 c - 5 rations


   Skills:
 O Level 27 Fighting
 - Level 24.5 Axes
 + Level 15.7 Armour
 O Level 27 Dodging
 O Level 27 Shields
   Level 3.1 Invocations
 - Level 4.1 Evocations


You had 25 spell levels left.
You didn't know any spells.
Your spell library was empty.

Dungeon Overview and Level Annotations

Branches:
Dungeon (1/1)

Altars:
Cheibriados
Dithmenos
Fedhas
Gozag
Kikubaaqudgha
Makhleb
Okawaru
Qazlal
Ru
Sif Muna
Trog
Uskayaw
Vehumet
Wu Jian
Xom
Yredelemnul
Zin
The Shining One
Beogh
Jiyva
Lugonu

Shops:
D *[%??*?*[:[((}!!!

Annotations:
D Tiamat


Innate Abilities, Weirdness & Mutations

You reflexively headbutt those who attack you in melee.
You have a pair of horns on your head.
Scrolls take you much longer to read.
Armour fits poorly on your strangely shaped body.
You are frail. (-10% HP)
Your magical capacity is low. (-10% MP)
You are somewhat resistant to further mutation.
You sometimes yell uncontrollably at your foes.
You are very weak. (Str -4)
Your spells are easier to cast, but less powerful.


Message History

Your Armour skill increases to level 15!
You hit the Orb Guardian. You burn the Orb Guardian.
You feel sick.
The electric golem hits you but does no damage.
The electric golem completely misses you.
You block the electric golem's attack.
The electric golem hits you but does no damage.
Tiamat hits you but does no damage. Tiamat closely misses you.
The Orb Guardian completely misses you.
The white draconian breathes frost at you.
The chilling blast hits you!
* * * LOW HITPOINT WARNING * * *
Unknown command.
Unknown command.
Really read with blurry vision while enemies are nearby?
You feel sick.
You block the electric golem's attack. x3
The electric golem barely misses you.
The orb of fire glows deep purple.
The bolt of fire hits you! The fire burns you terribly!
You die...
Your body crumbles into a pile of gold.

#_..[...._# #_...))...#
#_..∩.))._#
###.[.[..[..###
#§(.).......)⌠#
######.8..)..)..(8[###
##∩__.X$...)###.[.|∩.__
###∩...d*X..8.# #(8.[[...
##.[....*@$))(.###(....[[.
#§......8)).###)..###[[[[.
#⌠......).).# #|<[# #.[)[.
#⌠....).....###(.[###.[..[
##...........).###...[.[(.
###∩.....d..8)# #)8......
##∩___).....###.[....__
######.8.........8.###
#⌠).....[....⌠#


You could see Tiamat, 2 orbs of fire, an electric golem, a white draconian and 2
Orb Guardians.

Vanquished Creatures
  Mennas (D)
  An acid blob (D)
  Agnes (D)
  Geryon (D)
  Polyphemus (D)
  3 Orb Guardians (D)
  Frances (D)
  An azure jelly (D)
  A ghost moth (D)
  A draconian scorcher (D)
  10 reapers (D)
  A very ugly thing (D)
  A draconian shifter (D)
  3 stone giants (D)
  A white draconian (D)
  2 green draconians (D)
  4 yellow draconians (D)
  2 black draconians (D)
  3 purple draconians (D)
  2 ice dragons (D)
  Erolcha (D)
  A rakshasa (D)
  3 vault guards (D)
  2 wizards (D)
  11 hell beasts (D)
  A centaur warrior (D)
  2 two-headed ogres (D)
  3 hell hogs (D)
  2 iron elementals (D)
  An iron golem (D)
  An orc high priest (D)
  A sun demon (D)
  5 iron trolls (D)
  A wretched star (D)
  17 hell knights (D)
  A lindwurm (D)
  13 ugly things (D)
  A manticore (D)
  2 orc knights (D)
  13 shining eyes (D)
  A moth of wrath (D)
  3 rust devils (D)
  2 orange demons (D)
  A kobold demonologist (D)
  2 rime drakes (D)
  13 tormentors (D)
  3 komodo dragons (D)
  An ice devil (D)
  3 tyrant leeches (D)
  A queen bee (D)
  4 slime creatures (D)
  2 neqoxecs (D)
  A steam dragon (D)
  An insubstantial wisp (D)
  2 soldier ants (D)
  A floating eye (D)
  2 hell hounds (D)
  2 orc warriors (D)
  3 swamp drakes (D)
  8 ogres (D)
  2 eyes of draining (D)
  4 sky beasts (D)
  6 centaurs (D)
  An earth elemental (D)
  7 killer bees (D)
  9 jellies (D)
  A worker ant (D)
  2 oozes (D)
  A worm (D)
  A ball lightning (D)
213 creatures vanquished.

Vanquished Creatures (others)
  A chaos spawn (D)
  10 ball lightnings (D)
11 creatures vanquished.

Grand Total: 224 creatures vanquished

Notes
Turn   | Place    | Note
-------+----------+-------------------------------------------
     0 | D        | poirepourri the Minotaur Fighter began the quest for the Orb.
     0 | D        | Reached XP level 1. HP: 19/19 MP: 0/0
     2 | D        | Found a burning altar of Makhleb.
     5 | D        | Round 1.
     7 | D        | Found a shimmering altar of Xom.
     7 | D        | Found an ancient bone altar of Kikubaaqudgha.
     8 | D        | Found a radiant altar of Vehumet.
     8 | D        | Found a hide-covered altar of Uskayaw.
     9 | D        | Found a sacrificial altar of Ru.
     9 | D        | Found a glowing silver altar of Zin.
     9 | D        | Found Oritel's Magic Scroll Shop.
     9 | D        | Found Zodghyxzi's Staff Store.
    10 | D        | Found Oshranacsae's Delicious Food.
    10 | D        | Found Heschogism's Magic Scroll Shop.
    10 | D        | Found Zuudwinn's Must-Have Magic.
    11 | D        | Found Ypsag's Jewellery.
    11 | D        | Found Zuhef's Advanced Armour.
    20 | D        | Found Mopsul's Identification Station.
    20 | D        | Found an ornate altar of the Wu Jian Council.
    20 | D        | Found a basalt altar of Yredelemnul.
    20 | D        | Found a shadowy altar of Dithmenos.
    21 | D        | Bought a steaming golden amulet for 45 gold pieces
    21 | D        | Bought a warped granite ring for 45 gold pieces
    21 | D        | Bought a scorched steel ring for 45 gold pieces
    21 | D        | Identified the ring "Xiproos" {-Tele rElec rF- MP+9 Dex+5 Slay+2} (You bought it in a shop in the Dungeon)
    22 | D        | Identified the amulet "Jikeb" {Inacc rN+ Str+3} (You bought it in a shop in the Dungeon)
    23 | D        | Identified the ring "Yhemneoz" {rPois Dex+6 Stlth+} (You bought it in a shop in the Dungeon)
    24 | D        | Bought a coiled marble ring for 45 gold pieces
    25 | D        | Identified the ring "Goetwit" {*Drain MP+9 SInv Stlth+} (You bought it in a shop in the Dungeon)
    63 | D        | Found an opulent altar of Gozag.
    66 | D        | Reached skill level 5 in Axes
    66 | D        | Reached XP level 2. HP: 26/26 MP: 1/1
    94 | D        | Found a glowing golden altar of the Shining One.
    95 | D        | Found Gadghil's Premium Goods.
    97 | D        | Reached XP level 3. HP: 22/31 MP: 2/2
    98 | D        | Found a stormy altar of Qazlal.
    98 | D        | Found a snail-covered altar of Cheibriados.
    98 | D        | Found a blossoming altar of Fedhas.
    98 | D        | Found Leoz's Weapon Rack.
    98 | D        | Found Efuadeiq's Miscellaneous Merchandise.
    98 | D        | Found Taezuq's Basic Armour.
   102 | D        | Found a viscous altar of Jiyva.
   103 | D        | Found a bloodstained altar of Trog.
   104 | D        | Found an iron altar of Okawaru.
   105 | D        | Found Qaugut's Do-It-Yourself Clinic.
   106 | D        | Found Lidimofy's Bottled Wisdom.
   106 | D        | Found Imythaci's Distillery.
   106 | D        | Found a roughly hewn altar of Beogh.
   106 | D        | Found a corrupted altar of Lugonu.
   106 | D        | Found a deep blue altar of Sif Muna.
   106 | D        | Found Beusomat's Distillery.
   122 | D        | Became a worshipper of Gozag Ym Sagoz the Greedy
   127 | D        | Reached XP level 4. HP: 26/39 MP: 3/3
   134 | D        | Arena points: 12 (+12) [x2]
   134 | D        | Reached skill level 10 in Axes
   187 | D        | Round 2.
   194 | D        | Noticed a soldier ant
   200 | D        | Bought a crude brass ring for 45 gold pieces
   216 | D        | Noticed a soldier ant
   222 | D        | Killed a soldier ant
   222 | D        | Reached XP level 5. HP: 30/45 MP: 4/4
   234 | D        | Reached XP level 6. HP: 18/51 MP: 5/5
   301 | D        | Killed a soldier ant
   301 | D        | Arena points: 48 (+36) [x3]
   318 | D        | Bought 3 potions of heal wounds for 105 gold pieces
   347 | D        | Round 3.
   350 | D        | Bought a pair of dazzling gloves for 332 gold pieces
   355 | D        | Reached skill level 5 in Fighting
   361 | D        | Identified the ring of Ofuxzic {+Fly EV+3 Str+2 Stlth+} (You bought it in a shop in the Dungeon)
   378 | D        | Reached XP level 7. HP: 51/63 MP: 6/6
   452 | D        | Noticed a queen bee
   464 | D        | Killed a queen bee
   464 | D        | Reached skill level 10 in Fighting
   480 | D        | Arena points: 132 (+84) [x4]
   503 | D        | Identified the +0 pair of gloves of Wobuibiwn {Int+6} (You bought it in a shop in the Dungeon)
   518 | D        | Bought a faintly humming cloak for 332 gold pieces
   523 | D        | Identified the +1 cloak of Winter {Dex+4 Stlth+} (You bought it in a shop in the Dungeon)
   528 | D        | Round 4.
   585 | D        | Reached XP level 8. HP: 80/84 MP: 7/7
   608 | D        | Bought an uncursed amulet of regeneration for 450 gold pieces
   717 | D        | Arena points: 272 (+140) [x5]
   737 | D        | Round 5.
   746 | D        | Noticed a witch
   767 | D        | Noticed a swamp dragon
   773 | D        | Noticed a four-headed hydra
   774 | D        | Killed a witch
   774 | D        | Arena points: 517 (+245) [x7]
   774 | D        | Reached XP level 9. HP: 100/101 MP: 8/8
   942 | D        | Got a decaying rune of Zot
   946 | D        | Got a pair of polished boots
   952 | D        | Identified the -1 pair of boots of Hedge Wizardry {rN+ Int+3} (You found it in the Dungeon)
   966 | D        | Round 6.
  1002 | D        | Noticed a tyrant leech
  1012 | D        | Killed a tyrant leech
  1012 | D        | Noticed a tyrant leech
  1020 | D        | Killed a tyrant leech
  1040 | D        | Reached XP level 10. HP: 45/112 MP: 9/9
  1052 | D        | Bought 3 potions of heal wounds for 105 gold pieces
  1052 | D        | Bought 3 potions of heal wounds for 105 gold pieces
  1097 | D        | Bought a spiked shield for 332 gold pieces
  1107 | D        | Identified the cursed +0 shield "Ruff" {rPois rF- Str+4 Stlth+} (You bought it in a shop in the Dungeon)
  1143 | D        | Arena points: 547 (+30) [x1]
  1158 | D        | Round 7.
  1186 | D        | Reached skill level 10 in Shields
  1272 | D        | Arena points: 596 (+49) [x1]
  1282 | D        | Bought a pitted hat for 315 gold pieces
  1287 | D        | Identified the +1 hat "Toodgh" {rElec} (You bought it in a shop in the Dungeon)
  1287 | D        | Round 8.
  1303 | D        | Noticed a two-headed ogre
  1305 | D        | Noticed Erolcha
  1319 | D        | Killed Erolcha
  1356 | D        | Killed a two-headed ogre
  1356 | D        | Reached skill level 15 in Shields
  1361 | D        | Arena points: 724 (+128) [x2]
  1376 | D        | Round 9.
  1381 | D        | Bought 3 potions of experience for 900 gold pieces
  1381 | D        | Reached skill level 5 in Dodging
  1381 | D        | Reached XP level 11. HP: 88/119 MP: 10/10
  1382 | D        | Reached XP level 12. HP: 95/127 MP: 11/11
  1383 | D        | Reached XP level 13. HP: 101/134 MP: 12/12
  1452 | D        | Paralysed by a floating eye for 3 turns
  1499 | D        | Arena points: 814 (+90) [x1]
  1514 | D        | Round 10.
  1536 | D        | Noticed Polyphemus
  1549 | D        | Bought 3 potions of experience for 900 gold pieces
  1549 | D        | Reached XP level 14. HP: 143/143 MP: 11/13
  1550 | D        | Reached XP level 15. HP: 149/149 MP: 11/14
  1555 | D        | Reached XP level 16. HP: 157/157 MP: 12/15
  1556 | D        | Bought 2 potions of experience for 600 gold pieces
  1556 | D        | Reached XP level 17. HP: 163/163 MP: 12/16
  1557 | D        | Reached XP level 18. HP: 172/172 MP: 12/17
  1616 | D        | Killed Polyphemus
  1616 | D        | Arena points: 1114 (+300) [x3]
  1616 | D        | Reached XP level 19. HP: 67/179 MP: 6/18
  1620 | D        | Got a barnacled rune of Zot
  1621 | D        | Reached XP level 20. HP: 74/187 MP: 7/19
  1641 | D        | Bought 15 scrolls of remove curse for 450 gold pieces
  1826 | D        | Round 11.
  1828 | D        | Noticed Frances
  1850 | D        | Killed Frances
  1861 | D        | Gained mutation: Your magical capacity is low. (-10% MP) [a neqoxec]
  1883 | D        | Arena points: 1598 (+484) [x4]
  1916 | D        | Round 12.
  1928 | D        | Bought an ichor-stained large shield for 332 gold pieces
  1938 | D        | Identified the -9 large shield of Insecurity {rF- rN+++ Str+4 Stlth+} (You bought it in a shop in the Dungeon)
  1987 | D        | Arena points: 1958 (+360) [x5]
  1998 | D        | Bought a fine iron ring for 45 gold pieces
  1999 | D        | Identified the ring "Xotybler" {Wiz rElec rC+ rN+ Slay-3} (You bought it in a shop in the Dungeon)
  2012 | D        | Round 13.
  2230 | D        | Arena points: 2114 (+156) [x1]
  2245 | D        | Round 14.
  2247 | D        | Bought 2 rations for 40 gold pieces
  2247 | D        | Bought 2 rations for 40 gold pieces
  2247 | D        | Bought 2 rations for 40 gold pieces
  2247 | D        | Bought 2 rations for 40 gold pieces
  2256 | D        | Bought a pair of fine gloves for 332 gold pieces
  2266 | D        | Identified the +2 pair of gloves "Galux" {+Fly} (You bought it in a shop in the Dungeon)
  2266 | D        | Bought a pair of jewelled boots for 332 gold pieces
  2276 | D        | Identified the +0 pair of boots of Safeilod {+Blink Str+2 Stlth+} (You bought it in a shop in the Dungeon)
  2276 | D        | Bought a pair of faintly humming boots for 332 gold pieces
  2286 | D        | Identified the +2 pair of boots "Siqech" {*Slow rPois rN+} (You bought it in a shop in the Dungeon)
  2314 | D        | Gained mutation: You occasionally shout uncontrollably at your foes. [a shining eye]
  2315 | D        | Gained mutation: You are weak. (Str -2) [a shining eye]
  2319 | D        | Gained mutation: Your spells are a little easier to cast, but a little less powerful. [a shining eye]
  2328 | D        | Reached skill level 27 in Shields
  2332 | D        | Gained mutation: Scrolls take you a little longer to read. [a shining eye]
  2332 | D        | Gained mutation: You sometimes yell uncontrollably at your foes. [a shining eye]
  2333 | D        | Gained mutation: You are very weak. (Str -4) [a shining eye]
  2335 | D        | Gained mutation: Scrolls take you longer to read. [a shining eye]
  2336 | D        | Gained mutation: Your spells are easier to cast, but less powerful. [a shining eye]
  2337 | D        | Gained mutation: Scrolls take you much longer to read. [a shining eye]
  2338 | D        | Gained mutation: You are somewhat resistant to further mutation. [a shining eye]
  2342 | D        | Gained mutation: Armour fits poorly on your strangely shaped body. [a shining eye]
  2343 | D        | Reached skill level 10 in Dodging
  2350 | D        | Gained mutation: You are frail. (-10% HP) [a shining eye]
  2426 | D        | Bought a smelly chain mail for 237 gold pieces
  2434 | D        | Arena points: 2506 (+392) [x2]
  2449 | D        | Identified the cursed +0 chain mail of Xaorph {MR- rCorr Int+3} (You bought it in a shop in the Dungeon)
  2461 | D        | Round 15.
  2462 | D        | Noticed Agnes
  2505 | D        | Killed Agnes
  2505 | D        | Arena points: 3166 (+660) [x4]
  2505 | D        | Reached skill level 15 in Dodging
  2509 | D        | Got a mossy rune of Zot
  2523 | D        | Bought 3 potions of heal wounds for 105 gold pieces
  2523 | D        | Bought 3 potions of heal wounds for 105 gold pieces
  2523 | D        | Bought 3 potions of heal wounds for 105 gold pieces
  2523 | D        | Bought 3 potions of heal wounds for 105 gold pieces
  2523 | D        | Bought 3 potions of heal wounds for 105 gold pieces
  2523 | D        | Bought 3 potions of heal wounds for 105 gold pieces
  2523 | D        | Bought 3 potions of heal wounds for 105 gold pieces
  2523 | D        | Reached XP level 21. HP: 46/174 MP: 3/17
  2708 | D        | Round 16.
  2778 | D        | Arena points: 4046 (+880) [x5]
  2788 | D        | Round 17.
  2828 | D        | Arena points: 5270 (+1224) [x6]
  2858 | D        | Bought a smoking plate armour for 700 gold pieces
  2860 | D        | Round 18.
  2869 | D        | Identified the +3 plate armour of Zefuts {rElec} (You bought it in a shop in the Dungeon)
  2929 | D        | Arena points: 7286 (+2016) [x7]
  2963 | D        | Round 19.
  3137 | D        | Arena points: 9566 (+2280) [x8]
  3174 | D        | Round 20.
  3262 | D        | Arena points: 11966 (+2400) [x10]
  3270 | D        | Got a slimy rune of Zot
  3271 | D        | Reached XP level 22. HP: 72/181 MP: 18/18
  3417 | D        | Bought 3 potions of heal wounds for 105 gold pieces
  3419 | D        | Bought a potion of experience for 300 gold pieces
  3419 | D        | Bought a potion of experience for 300 gold pieces
  3419 | D        | Reached XP level 23. HP: 188/188 MP: 18/22
  3420 | D        | Reached XP level 24. HP: 194/194 MP: 18/22
  3435 | D        | Round 21.
  3481 | D        | Noticed Geryon
  3517 | D        | Reached skill level 27 in Dodging
  3541 | D        | Killed Geryon
  3635 | D        | Arena points: 12218 (+252) [x1]
  3650 | D        | Round 22.
  3724 | D        | Arena points: 12746 (+528) [x2]
  3734 | D        | Round 23.
  3899 | D        | Bought 3 potions of heal wounds for 105 gold pieces
  3906 | D        | Arena points: 13068 (+322) [x1]
  3923 | D        | Round 24.
  3926 | D        | Bought a scroll of brand weapon for 200 gold pieces
  4044 | D        | Arena points: 13740 (+672) [x2]
  4083 | D        | Bought 8 scrolls of enchant weapon for 600 gold pieces
  4088 | D        | Round 25.
  4089 | D        | Noticed Mennas
  4172 | D        | Bought a potion of heal wounds for 35 gold pieces
  4180 | D        | Bought 4 potions of curing for 84 gold pieces
  4180 | D        | Bought 4 potions of curing for 84 gold pieces
  4180 | D        | Bought 4 potions of curing for 84 gold pieces
  4234 | D        | Killed Mennas
  4234 | D        | Arena points: 15140 (+1400) [x4]
  4234 | D        | Reached XP level 25. HP: 49/222 MP: 22/22
  4238 | D        | Got a silver rune of Zot
  4239 | D        | Reached XP level 26. HP: 55/229 MP: 22/22
  4258 | D        | Bought 5 potions of heal wounds for 500 gold pieces
  4258 | D        | Bought 5 potions of heal wounds for 500 gold pieces
  4258 | D        | Bought a scroll of blinking for 150 gold pieces
  4416 | D        | Round 26.
  4592 | D        | Arena points: 17480 (+2340) [x5]
  4611 | D        | Bought a wand of acid (8) for 288 gold pieces
  4611 | D        | Bought a wand of acid (10) for 336 gold pieces
  4624 | D        | Bought 8 scrolls of enchant weapon for 600 gold pieces
  4631 | D        | Round 27.
  4650 | D        | Noticed Tiamat
  4657 | D        | Reached skill level 27 in Fighting
  4680 | D        | Noticed an orb of fire
  4681 | D        | Noticed an orb of fire
  4696 | D        | Reached skill level 15 in Armour
  4697 | D        | Killed from afar by an orb of fire

Skill      XL: |  1  2  3  4  5  6  7  8  9 10 11 12 13 14 15 16 17 18 19 20 21 22 23 24 25 26 |
---------------+-------------------------------------------------------------------------------+-----
Axes           | 5 8 9 13 14 16 24 | 24.5
Fighting       | 6 12 16 18 24 27 | 27.0
Shields        | 8 15 16 18 19 20 22 23 27 | 27.0
Dodging        | 5 8 15 25 26 27 | 27.0
Armour         | 7 9 11 15 | 15.7
Evocations     | 4 |  4.1
Invocations    | 3 |  3.1

Action                   |  1- 3 |  4- 6 |  7- 9 | 10-12 | 13-15 | 16-18 | 19-21 | 22-24 | 25-27 || total
-------------------------+-------+-------+-------+-------+-------+-------+-------+-------+-------++-------
Melee: War axe           |     7 |    30 |    75 |    56 |    24 |    29 |   433 |   351 |    72 ||  1077
       Headbutt          |     3 |     6 |    24 |    25 |    11 |    15 |   216 |   146 |    46 ||   492
       Broad axe         |       |       |       |       |       |       |       |       |    36 ||    36
Invok: Potion Petition   |       |       |     1 |       |       |     1 |    14 |    17 |     1 ||    34
       Call Merchant     |       |       |       |       |       |       |     1 |       |     1 ||     2
Evoke: Wand              |       |     3 |       |       |       |       |     8 |     3 |       ||    14
       Horn of Geryon    |       |       |       |       |       |       |       |     1 |       ||     1
  Use: Potion            |       |     1 |     1 |     5 |     3 |     5 |    21 |    28 |     4 ||    68
       Scroll            |       |       |       |       |       |       |     2 |     5 |    11 ||    18
 Stab: Distracted        |     1 |     1 |       |       |       |       |    10 |     6 |       ||    18
       Invisible         |       |       |       |       |       |    10 |    43 |    58 |       ||   111
       Confused          |       |       |       |       |       |       |     4 |       |       ||     4
  Eat: Ration            |       |       |       |     1 |       |       |     1 |     2 |       ||     4
Armor: Scale mail        |     3 |     8 |    14 |     7 |     3 |     4 |     5 |       |       ||    44
       Chain mail        |       |       |       |       |       |       |    15 |     3 |       ||    18
       Plate armour      |       |       |       |       |       |       |     9 |    24 |    16 ||    49
       Skin              |       |       |       |       |       |       |     1 |       |       ||     1
Dodge: Dodged            |       |     7 |    21 |    13 |     9 |    20 |   245 |   332 |    62 ||   709
Block: Shield            |     2 |    22 |    12 |    29 |    11 |    20 |   313 |   425 |    85 ||   919
